 Dungeon Crawl Stone Soup version 0.24.0-37-gcf1ca852f1 (webtiles) character file.

Game seed: 9751610603999555564, levelgen mode: deterministic

3055 FessEmpty the Covert (level 10, -5/77 HPs)
             Began as a Formicid Artificer on Dec 7, 2019.
             Was an Initiate of Qazlal.
             Slain by a troll (7 damage)
             ... on level 9 of the Dungeon.
             The game lasted 00:27:39 (9427 turns).

FessEmpty the Covert (Formicid Artificer)           Turns: 9427, Time: 00:27:40

Health: -5/77      AC: 11    Str: 20    XL:     10   Next: 11%
Magic:  16/16      EV:  8    Int: 11    God:    Qazlal [......]
Gold:   362        SH:  0    Dex: 11    Spells: 9/9 levels left

rFire    . . .     SeeInvis +   B - +5 great sword (curse)
rCold    . . .     Gourm    .   (no shield)
rNeg     . . .     Faith    .   g - +0 chain mail
rPois    .         Spirit   .   (helmet unavailable)
rElec    .         Reflect  .   p - +0 cloak
rCorr    .         Harm     .   w - +1 pair of gloves
MR       +....                  (no boots)
Stlth    +.........             (no amulet)
HPRegen  0.22/turn              A - ring of stealth
MPRegen  0.15/turn              y - ring of attention (curse)

@: marked
A: permanent stasis, dig shafts and tunnels, four strong arms, antennae 3
a: Dig, Shaft Self, Renounce Religion


You were on level 9 of the Dungeon.
You worshipped Qazlal.
Qazlal was noncommittal.
You were not hungry.

You visited 2 branches of the dungeon, and saw 12 of its levels.

You collected 362 gold pieces.

Inventory:

Hand Weapons
 B - a cursed +5 great sword (weapon)
Missiles
 i - 9 silver boomerangs (quivered)
 l - 5 poisoned darts
 t - 4 atropa-tipped darts
Armour
 g - a +0 chain mail (worn)
 p - a +0 cloak (worn)
 w - a +1 pair of gloves (worn)
Jewellery
 a - a +4 ring of strength
 q - a +2 ring of dexterity
 y - a cursed ring of attention (right hand)
 A - a ring of stealth (left hand)
Wands
 c - a wand of flame (8)
 e - a wand of polymorph (6)
 n - a wand of digging (5)
Scrolls
 h - 3 scrolls of amnesia
 j - a scroll of remove curse {unknown}
 k - a scroll of identify
 m - a scroll of fear
 u - a scroll of noise {unknown}
 z - 2 scrolls of magic mapping
Potions
 b - a potion of might {unknown}
 r - 2 potions of heal wounds {unknown}
 v - 2 potions of brilliance {unknown}
 x - a potion of berserk rage {unknown}
Comestibles
 f - 5 rations


   Skills:
 - Level 6.9 Fighting
   Level 1.0(3.0) Short Blades
 + Level 4.6(4.7) Long Blades
 - Level 1.7 Dodging
 + Level 10.0 Stealth
 + Level 9.1 Evocations


You had 9 spell levels left.
You didn't know any spells.
Your spell library was empty.

Dungeon Overview and Level Annotations

Branches:
Dungeon (11/15)            Temple (1/1) D:7            Lair (0/6) D:9
    Orc: D:9-12

Altars:
Ashenzari
Dithmenos
Elyvilon
Hepliaklqana
Kikubaaqudgha
Makhleb
Nemelex Xobeh
Okawaru
Qazlal
Ru
Vehumet
Wu Jian
Yredelemnul
Zin
The Shining One

Annotations:
D:7 Harold, Joseph


Innate Abilities, Weirdness & Mutations

You cannot be hasted, slowed, berserked, paralysed or teleported.
You can dig through walls and to a lower floor.
Your four strong arms can wield two-handed weapons with a shield.
You have a pair of large antennae on your head. (SInv)


Message History

You slash the adder zombie!
You destroy the adder zombie!
Qazlal accepts your kill.
You now have 362 gold pieces (gained 13).
HP restored.
You sense a monster nearby.
You sense a monster nearby.
The big kobold shouts!
The kobold shouts! x3
The big kobold throws a stone.
The stone hits you but does no damage.
You see here a stone.
You slice the kobold!!
You kill the kobold!
Qazlal accepts your kill.
The big kobold throws a stone.
The stone hits you. The kobold closely misses you.
You miss the kobold. The kobold misses you.
The big kobold throws a stone.
The stone hits you.
You hit the kobold but do no damage. The kobold closely misses you.
You riposte.
The kobold shouts!
You slice the kobold!!
You kill the kobold!
Qazlal accepts your kill.
The big kobold throws a stone.
The stone hits you but does no damage. The big kobold completely misses you.
You slice the big kobold!!
The big kobold is severely wounded.
The big kobold hits you with a +0 short sword.
The big kobold hits you but does no damage.
You slash the big kobold!
You kill the big kobold!
Qazlal accepts your kill.
The kobold throws a stone.
The stone hits you but does no damage. The kobold hits you but does no damage.
Things that are here:
a +0 short sword; a big kobold corpse You slash the kobold!
You kill the kobold!
Qazlal accepts your kill.
Your Stealth skill increases to level 10!
The kobold throws a stone.
The stone hits you but does no damage.
The kobold throws a stone.
The stone hits you but does no damage. The kobold hits you but does no damage.
Things that are here:
a +0 dagger; 2 stones You hit the kobold.
The kobold is severely wounded.
The kobold barely misses you.
You riposte.
You barely miss the kobold.
The kobold is severely wounded.
You hit the kobold.
You kill the kobold!
Qazlal accepts your kill.
No target in view!
No target in view!
Things that are here:
3 stones; a kobold corpse
Things that are here:
a +0 dagger; 2 stones
Things that are here:
2 stones; a +0 short sword; a big kobold corpse You see here a stone.
Items here: ( )) †† a +0 club; a stone; a +0 dagger; a kobold corpse x2
An orc and a phantom come into view.
The orc shouts!
You hear a shout!
An eight-headed hydra comes into view.
An ice beast comes into view.
An orc comes into view. It is wielding a +0 hand axe.
There are monsters nearby!
Evoke which item? (* to show all) (? for menu, Esc to quit)
Okay, then.
Items here: ( )) †† a +0 club; a stone; a +0 dagger; a kobold corpse x2
You see here a stone.
Things that are here:
2 stones; a +0 short sword; a big kobold corpse
Things that are here:
a +0 dagger; 2 stones
Things that are here:
3 stones; a kobold corpse You extend your mandibles.
You dig through the rock wall.
You retract your mandibles.
Found a halberd.
Found 18 gold pieces.
Harold the Weathered comes into view.
He is wielding a +0 mace.
Harold throws a throwing net.
The throwing net hits you.
You become entangled in the net!
Found a ration and 7 gold pieces.
You see here a throwing net.
You tear a large gash into the net.
You struggle against the net.
You rip the net and break free!
Harold gestures at you while chanting. The harpoon shot hits you.
You are yanked forward by the harpoon shot.
Harold throws a throwing net.
The throwing net hits you.
You become entangled in the net!
The orc drinks a potion.
The orc seems to speed up.
The phantom hits you but does no damage.
You see here a throwing net.
You struggle against the net.
The phantom hits you.
The phantom blinks!
You tear a large gash into the net.
Harold hits you with a +0 mace.
You struggle against the net.
You are near starving!
Harold hits you with a +0 mace!
You shred the net and break free! The orc hits you but does no damage.
Harold points at you and mumbles some strange words.
A sentinel's mark forms upon you. The orc hits you but does no damage.
The orc hits you but does no damage.
Harold throws a throwing net.
The throwing net closely misses you.
Harold says happily, "The price on your head will fill my nest egg nicely!"
The orc hits you but does no damage.
Throwing (i - inventory. (/) - cycle)
i - 9 silver boomerangs (quivered)
Press: ? - help, Shift-Dir - straight line, f - orc
Aim: an orc, wielding a -3 dagger and wearing a +0 scale mail (fast)
Okay, then.
The orc hits you but does no damage.
The orc sings a few bars from the Orcish anthem.
The orc closely misses you.
Harold considers, "I think I'll use your bounty to get a cattle farm..."
The orc hits you but does no damage. The orc hits you but does no damage.
The ice beast hits you but does no damage.
Found a stone staircase leading up.
The orc closely misses you.
Found 22 stones.
The ice beast hits you. The ice beast freezes you!
The orc hits you but does no damage. The ice beast closely misses you.
Harold throws a throwing net.
The throwing net hits you.
You become entangled in the net!
You see here a throwing net.
You struggle against the net.
The orc hits you but does no damage. The ice beast barely misses you.
The orc hits you but does no damage.
You struggle against the net.
The orc hits you but does no damage.
The ice beast hits you but does no damage.
Harold hits you with a +0 mace!
You rip the net and break free!
The orc hits you with a cursed -3 dagger.
The ice beast hits you but does no damage.
Harold grumbles, "Just give up already, I want to go home!"
Harold hits you with a +0 mace!
There is a stone staircase leading up here.
The phantom blinks!
Are you sure you want to shaft yourself?
You feel somewhat more hungry. Harold hits you with a +0 mace!
* * * LOW HITPOINT WARNING * * *
The ice beast hits you but does no damage.
You begin to dig a shaft.
You continue digging a shaft.
The orc barely misses you.
You riposte.
You slice the orc!!
You kill the orc!
Qazlal accepts your kill. Harold hits you with a +0 mace!
* * * LOW HITPOINT WARNING * * *
The ice beast hits you but does no damage.
Joseph unwields a +0 hunting sling.
Joseph wields a +0 quarterstaff.
Joseph hits you with a +0 quarterstaff.
* * * LOW HITPOINT WARNING * * *
A shaft appears beneath you!
You fall into a shaft and drop 2 floors!
The shaft crumbles and collapses.
Found an escape hatch in the floor.
Okay, then.
You are confused.
You feel invigorated.
You start resting.
You feel less invigorated.
You feel less confused.
You start resting.
You sense a monster nearby.
You start resting.
A troll comes into view.
You eat one of the 6 rations.
That ration really hit the spot!
Throwing (i - inventory. (/) - cycle)
i - 9 silver boomerangs (quivered)
Press: ? - help, Shift-Dir - straight line, f - troll
Aim: a troll You throw a silver boomerang.
The silver boomerang hits the troll.
The troll is lightly wounded.
You hit the troll but do no damage.
The troll is lightly wounded.
The troll bites you. The troll claws you but does no damage.
The troll claws you.
You barely miss the troll.
The troll is lightly wounded.
The troll bites you but does no damage. The troll claws you. x2
The troll bites you! The troll closely misses you. The troll claws you.
You barely miss the troll.
The troll is lightly wounded.
The troll closely misses you.
You riposte.
You completely miss the troll.
The troll claws you but does no damage. x2
You slash the troll!
The troll is moderately wounded.
The troll bites you!
* * * LOW HITPOINT WARNING * * *
The troll claws you.
* * * LOW HITPOINT WARNING * * *
The troll closely misses you. The troll barely misses you. The troll claws you!
* * * LOW HITPOINT WARNING * * *
The troll claws you!
You die...

.........#
........
.......
..... ....
#..# #..#
#.# #@#
#T# #.#
#.. #..
'... #
#..> #
#.... .


You could see a troll.

Vanquished Creatures
  A two-headed ogre (D:8)
  Edmund (D:5)
  An ice beast (D:5)
  A sky beast (D:6)
  A black bear (D:8)
  An eye of draining (D:8)
  3 wolves (D:9)
  2 killer bees (D:10)
  A centaur (D:7)
  2 big kobolds
  A bullfrog (D:8)
  A gnoll sergeant (D:5)
  2 scorpions
  3 wights (D:5)
  2 crimson imps
  Crazy Yiuf (D:2)
  2 bullfrog skeletons
  A bullfrog zombie (D:5)
  6 hounds
  4 orc priests
  Jessica (D:2)
  2 iguanas
  5 orc wizards
  4 worker ants
  7 gnolls
  15 adders
  A shadow imp (D:5)
  A white imp (D:8)
  2 oozes
  2 adder skeletons (D:5)
  An adder zombie (D:7)
  3 worms (D:3)
  4 leopard geckos
  25 orcs
  A ball python (D:4)
  4 bats (D:1)
  4 giant cockroaches
  2 goblins
  12 hobgoblins
  10 jackals (D:2)
  19 kobolds
  3 quokkas
  5 frilled lizards
  A jackal skeleton (D:8)
  A quokka skeleton (D:8)
  8 rats
180 creatures vanquished.

Vanquished Creatures (collateral kills)
  An orc warrior (D:8)
  A wolf (D:9)
  3 orcs (D:8)
  A bat (D:1)
6 creatures vanquished.

Vanquished Creatures (others)
  A killer bee (D:10)
  A hound (D:9)
  A gnoll (D:3)
  3 plants (D:9)
6 creatures vanquished.

Grand Total: 192 creatures vanquished

Notes
Turn   | Place    | Note
-------+----------+-------------------------------------------
     0 | D:1      | FessEmpty the Formicid Artificer began the quest for the
                  | Orb.
     0 | D:1      | Reached XP level 1. HP: 15/15 MP: 3/3
   197 | D:1      | Reached XP level 2. HP: 21/21 MP: 4/4
   470 | D:1      | Reached skill level 2 in Stealth
   943 | D:1      | Reached XP level 3. HP: 17/27 MP: 5/5
  1849 | D:2      | Reached XP level 4. HP: 32/34 MP: 5/7
  1873 | D:2      | Reached skill level 3 in Stealth
  2037 | D:2      | Noticed Jessica
  2040 | D:2      | Killed Jessica
  2040 | D:2      | Reached XP level 5. HP: 34/40 MP: 8/8
  2416 | D:2      | Found a runed translucent door.
  2417 | D:2      | Noticed Crazy Yiuf
  2536 | D:2      | Killed Crazy Yiuf
  2536 | D:2      | Reached skill level 4 in Stealth
  2866 | D:2      | Reached XP level 6. HP: 46/47 MP: 9/9
  3386 | D:3      | Reached skill level 5 in Evocations
  3633 | D:3      | Found a glowing golden altar of the Shining One.
  3637 | D:3      | Found a sacrificial altar of Ru.
  3643 | D:3      | Found a glowing silver altar of Zin.
  4370 | D:4      | Found a shadowy altar of Dithmenos.
  4391 | D:4      | Reached skill level 5 in Stealth
  4391 | D:4      | Reached XP level 7. HP: 48/54 MP: 11/11
  4718 | D:5      | Entered Level 5 of the Dungeon
  4764 | D:5      | Noticed Edmund
  4777 | D:5      | Killed Edmund
  4836 | D:5      | You fall into a shaft and drop 1 floor!
  5103 | D:6      | Reached skill level 5 in Fighting
  5103 | D:6      | Reached skill level 6 in Stealth
  5162 | D:6      | Reached XP level 8. HP: 48/62 MP: 12/12
  5841 | D:5      | Reached skill level 7 in Stealth
  5973 | D:5      | You fall into a shaft and drop 1 floor!
  5973 | D:6      | Noticed a two-headed ogre
  5981 | D:6      | You fall into a shaft and drop 3 floors!
  5981 | D:9      | Found a staircase to the Lair.
  5984 | D:9      | You fall into a shaft and drop 2 floors!
  5984 | D:11     | Noticed a polar bear
  6000 | D:10     | Entered Level 10 of the Dungeon
  6626 | D:9      | Reached XP level 9. HP: 66/71 MP: 14/14
  6653 | D:9      | Reached skill level 1 in Long Blades
  6653 | D:9      | Reached skill level 8 in Stealth
  7021 | D:8      | Noticed a two-headed ogre
  7055 | D:8      | Killed a two-headed ogre
  7302 | D:8      | Reached skill level 9 in Stealth
  8221 | D:8      | Reached XP level 10. HP: 77/77 MP: 16/16
  8374 | D:7      | Noticed Joseph
  8439 | D:8      | Found a radiant altar of Vehumet.
  8440 | D:8      | Found a burning altar of Makhleb.
  8955 | D:7      | Found a staircase to the Ecumenical Temple.
  8959 | Temple   | Entered the Ecumenical Temple
  9086 | Temple   | Became a worshipper of Qazlal Stormbringer
  9327 | D:7      | Reached skill level 10 in Stealth
  9344 | D:7      | Noticed an eight-headed hydra
  9372 | D:7      | Noticed Harold
  9403 | D:7      | You fall into a shaft and drop 2 floors!
  9427 | D:9      | HP: 2/77 [troll (9)]
  9427 | D:9      | Slain by a troll

Levels and vault maps discovered:
D:1:      elethiomel_arrival_maze, layout_basic
D:2:      layout_loops_ring, uniq_crazy_yiuf_cottage, uniq_jessica
D:3:      layout_loops_cross, minitemple, first_ration, serial_park_tiny_1
D:4:      layout_basic, kennysheep_mini_moat
D:5:      layout_layer_cave, lightli_ossuary_entry_decrepit_ruins,
          uniq_eustachio, uniq_edmund
D:6:      layout_loops_ring, grunt_temple_overflow_open, serial_shops,
          nicolae_shop_stone, shop, nicolae_shop_statue_plus, shop, shop,
          minmay_misc_feat_iff, grunt_decor_arrowhead, grunt_potential
D:7:      layout_basic, cheibriados_altar_1, minmay_temple_entry_from_below_a,
          uniq_joseph, uniq_harold
D:8:      layout_basic, grunt_temple_overflow_lords_of_destruction
D:9:      layout_irregular_city, erik_lair_island, hangedman_fish_farm,
          minmay_shattered_shrine
D:10:     layout_rooms
D:11:     layout_basic, serial_ice, serial_ice_j, serial_ice_d, serial_ice_n,
          serial_ice_h, roderic_batcave, uniq_urug, uniq_nergalle, uniq_fannar
Temple:   nicolae_temple_figure_zero

Skill      XL: |  1  2  3  4  5  6  7  8  9 10 |
---------------+-------------------------------+-----
Stealth        | 2 3 4 5 6 7 9 10 | 10.0
Fighting       | 2 3 4 5 6 |  6.9
Evocations     | 4 5 6 7 8 9 |  9.1
Long Blades    | 4 |  4.6
Short Blades   | |  1.0
Dodging        | |  1.7

Action                   |  1- 3 |  4- 6 |  7- 9 | 10-12 || total
-------------------------+-------+-------+-------+-------++-------
Melee: Short sword       |    95 |   129 |       |       ||   224
       Quarterstaff      |       |    89 |   115 |       ||   204
       Great sword       |       |       |   164 |    37 ||   201
Throw: Dart              |     6 |     4 |    21 |       ||    31
       Javelin           |       |       |    10 |       ||    10
       Throwing net      |       |       |     3 |       ||     3
       Boomerang         |       |       |       |     1 ||     1
 Abil: Shaft Self        |       |       |     4 |     1 ||     5
       Dig               |       |       |     2 |     3 ||     5
Evoke: Wand              |     7 |     9 |    23 |       ||    39
  Use: Potion            |     3 |       |     5 |     1 ||     9
       Scroll            |       |       |    10 |     1 ||    11
 Stab: Sleeping          |     1 |       |       |       ||     1
       Confused          |       |     2 |     1 |       ||     3
       Paralysed         |       |       |     3 |       ||     3
  Eat: Chunk             |     3 |     8 |    12 |     2 ||    25
       Ration            |       |       |     1 |     1 ||     2
Armor: Leather armour    |    21 |       |       |       ||    21
       Chain mail        |    16 |   120 |   246 |    33 ||   415
       Skin              |     7 |       |       |       ||     7
Dodge: Dodged            |    57 |    80 |   183 |    36 ||   356
       Rpst.: Great sword |       |       |    32 |    11 ||    43
